 Dungeon Crawl Stone Soup version 0.23-a0-584-g44dd78f (webtiles) character file.

11086 gobbledegook the Martial Artist (level 11, -7/72 HPs)
             Began as an Octopode Transmuter on Dec 17, 2018.
             Was an Elder of Hepliaklqana.
             Mangled by a manticore (12 damage)
             ... on level 12 of the Dungeon.
             The game lasted 01:11:21 (15599 turns).

gobbledegook the Martial Artist (OpTm)             Turns: 15599, Time: 01:11:22

Health: -7/72      AC:  6    Str: 10    XL:     11   Next: 72%
Magic:  26/29      EV: 12    Int: 16    God:    Hepliaklqana [****..]
Gold:   466        SH:  5    Dex: 19    Spells: 10/22 levels left

rFire    x . .     SeeInvis .     - Unarmed
rCold    + + +     Gourm    .   (shield currently unavailable)
rNeg     + . .     Faith    .   (helmet currently unavailable)
rPois    +         Spirit   .   h - +5 amulet of reflection
rElec    .         Reflect  +   i - ring of poison resistance
rCorr    .         Harm     .   n - +4 ring of dexterity
MR       +....                  o - ring of protection from cold
Stlth    ++++......             u - ring of positive energy
HPRegen  0.22/turn              w - ring of protection from magic (curse)
MPRegen  0.21/turn              B - ring of magical power
                                (no ring)
                                (no ring)

@: ice-form, hasted, very quick
A: large, almost no armour, stealthy swim, amphibious, 8 rings, (constrict 8),
reduced essence
a: End Transformation, Recall Ancestor, Ancestor Identity, Transference,
Idealise, Renounce Religion


You were on level 12 of the Dungeon.
You worshipped Hepliaklqana.
Hepliaklqana was greatly pleased with you.
You were hungry.
You were a creature of crystalline ice.
You visited 2 branches of the dungeon, and saw 13 of its levels.

You collected 616 gold pieces.
You spent 150 gold pieces at shops.

Inventory:

Hand Weapons
 q - a +4 hand axe (melded)
 s - a +0 spear
Missiles
 a - 40 arrows
 b - 350 stones (quivered)
 y - 3 throwing nets
Armour
 l - a +0 hat of magic resistance (melded)
 v - a +1 buckler (melded)
Jewellery
 h - a +5 amulet of reflection (around neck)
 i - a ring of poison resistance (left front paw)
 n - a +4 ring of dexterity (right front paw)
 o - a ring of protection from cold (on tentacle)
 u - a ring of positive energy (on tentacle)
 w - a cursed ring of protection from magic (on tentacle)
 B - a ring of magical power (on tentacle)
Wands
 f - a wand of paralysis (7)
 j - a wand of flame (20)
 m - a wand of random effects (15)
 t - a wand of iceblast (14)
Scrolls
 p - a scroll of magic mapping
 A - 3 scrolls of teleportation
 C - 3 scrolls of amnesia
 F - 3 scrolls of remove curse
 G - 2 scrolls of blinking {unknown}
 H - a scroll of noise {unknown}
 J - a scroll of brand weapon {unknown}
Potions
 d - 2 potions of curing
 e - 2 potions of flight
 g - a potion of lignification
 k - a potion of agility
 r - 3 potions of might
 x - a potion of brilliance
 z - a potion of mutation
 D - a potion of cancellation
 E - a potion of magic {unknown}
Miscellaneous
 K - a sack of spiders
Comestibles
 c - 15 rations


   Skills:
 + Level 3.3 Fighting
 - Level 4.0 Dodging
 - Level 7.4 Stealth
 - Level 2.4 Shields
 + Level 9.5 Unarmed Combat
 - Level 6.4 Spellcasting
 - Level 2.3 Hexes
 - Level 1.0 Necromancy
 + Level 8.3 Transmutations
 - Level 6.0 Ice Magic
 - Level 6.5 Poison Magic
 * Level 2.5 Invocations
 - Level 0.1 Evocations


You had 10 spell levels left.
You knew the following spells:

 Your Spells              Type           Power        Failure   Level  Hunger
a - Beastly Appendage     Tmut           ####..       1%          1    None
b - Sticks to Snakes      Tmut           ####....     1%          2    None
c - Spider Form           Tmut/Pois      ####......   1%          3    ##.....
d - Ice Form              Ice/Tmut       ####....     7%          4    ####...
e - Confusing Touch       Hex            ##....       4%          1    None
f - Animate Skeleton      Necr           N/A          9%          1    None

Your spell library contained the following spells:

 Spells                   Type           Power        Failure   Level  Hunger
 Ignite Poison            Fire/Tmut/Pois ###.....     4%          3    ##.....
 Blade Hands              Tmut           ####......   12%         5    #####..
 Apportation              Tloc           #.....       13%         1    None
 Summon Small Mammal      Summ           #...         13%         1    None
 Call Imp                 Summ           #.......     21%         2    None
 Summon Guardian Golem    Hex/Summ       #.......     24%         3    ##.....
 Call Canine Familiar     Summ           #.......     36%         3    ##.....
 Summon Ice Beast         Ice/Summ       ##......     36%         4    ####...
 Summon Lightning Spire   Summ/Air       #.......     78%         4    ####...
 Fireball                 Conj/Fire      #.........   98%         5    #####..
 Bolt of Fire             Conj/Fire      #.........   100%        6    #######
 Ring of Flames           Chrm/Fire      #.........   100%        7    #######
 Ignition                 Fire           #.........   100%        8    #######


Dungeon Overview and Level Annotations

Branches:
Dungeon (12/15)            Temple (1/1) D:6            Lair (0/6) D:11
    Orc: D:9-12

Altars:
Elyvilon
Hepliaklqana
Nemelex Xobeh
Sif Muna
Trog
Uskayaw
Wu Jian
Zin

Shops:
D:10 *

Annotations:
D:3 exclusion: downstairs, Sigmund
D:5 exclusion: hexer
D:8 exclusion: hexer
D:9 exclusions: gargoyle and hexer
D:10 exclusion: downstairs
D:11 exclusion: hexer


Innate Abilities, Weirdness & Mutations

You cannot wear most types of armour.
You are very stealthy in the water. (Stealth+)
You are amphibious.
You can wear up to eight rings at the same time.
((You can use your tentacles to constrict eight enemies at once.))
((Your skin changes colour to match your surroundings (Stealth+).))
((Your rubbery body absorbs attacks. (AC +1, EV +1)))
Your life essence is reduced to manifest your ancestor. (-10% HP)


Message History

Press: ? - help, Shift-Dir - straight line, f - manticore
Aim: a manticore (chance to confuse on hit: 50%, chance to defeat MR: 28%)
Okay, then.
You hit the manticore but do no damage.
The manticore appears confused.
The manticore bites you!
* * * LOW HITPOINT WARNING * * *
The manticore claws you but does no damage.
The manticore claws you.
* * * LOW HITPOINT WARNING * * *
You punch the manticore! You freeze the manticore.
The manticore is moderately wounded.
You block the manticore's attack. The manticore claws you!
* * * LOW HITPOINT WARNING * * *
The manticore misses you.
You punch the manticore! You freeze the manticore.
The manticore is heavily wounded.
You feel yourself speed up. The manticore bites you.
* * * LOW HITPOINT WARNING * * *
The manticore claws you!
You die...

.. #. #. #. #.
.#####.########
..............#
#H# #Y# #.# #.#
#.#
#.######.#######
...............#
######.########
#.# #.#


You could see a manticore (confused).

Vanquished Creatures
  A two-headed ogre (D:10)
  Nergalle (D:10)
  2 centaur zombies
  A komodo dragon (D:12)
  A troll (D:9)
  Prince Ribbit (D:7)
  A hornet (D:7)
  2 hippogriffs
  2 hogs (D:10)
  3 wyverns
  3 yaks (D:11)
  A human (D:10)
  2 wargs (D:11)
  2 orc warriors
  A sky beast (D:8)
  3 ice beasts
  2 phantoms (D:4)
  3 necrophages
  3 ogres
  A crocodile (D:9)
  A gnoll sergeant (D:10)
  Blork the orc (D:5)
  A bullfrog (D:8)
  A water moccasin zombie (D:10)
  A scorpion (D:9)
  8 killer bees
  4 wights (D:7)
  3 howler monkeys
  5 crimson imps
  2 bullfrog zombies
  6 orc priests
  4 hounds
  3 jellies
  3 bullfrog skeletons
  A centaur skeleton (D:11)
  2 hexers
  4 iguanas
  7 orc wizards
  5 worker ants
  2 hound zombies
  A hound skeleton (D:9)
  A worker ant zombie (D:8)
  9 adders
  7 gnolls
  A howler monkey skeleton (D:5)
  2 shadow imps
  An ooze (D:3)
  An adder skeleton (D:4)
  An adder zombie (D:7)
  2 worms
  2 dart slugs
  6 leopard geckos
  18 orcs
  2 giant cockroaches
  5 hobgoblins
  9 jackals
  4 kobolds
  6 quokkas
  A ball python skeleton (D:4)
  10 bats
  6 frilled lizards
  2 goblins (D:1)
  8 rats
205 creatures vanquished.

Vanquished Creatures (collateral kills)
  2 unseen horrors
  An ugly thing (D:11)
  A manticore (D:11)
  2 hogs (D:10)
  A warg (D:10)
  A black bear (D:6)
  4 ogres
  A wight (D:7)
  A killer bee (D:12)
  A crimson imp (D:5)
  2 orc priests
  3 hounds
  An orc wizard (D:7)
  2 jellies
  2 bullfrog skeletons
  A worker ant (D:10)
  A gnoll (D:10)
  4 adders
  A leopard gecko (D:8)
  6 orcs
  2 giant cockroaches
  2 jackals
  A quokka (D:3)
43 creatures vanquished.

Vanquished Creatures (others)
  An orc warrior (D:6)
  A centaur (D:10)
  An orc wizard (D:6)
  An orc priest (D:6)
  6 hexers
  An orc (D:6)
11 creatures vanquished.

Grand Total: 259 creatures vanquished

Notes
Turn   | Place    | Note
-------+----------+-------------------------------------------
     0 | D:1      | gobbledegook the Octopode Transmuter began the quest for
                  | the Orb.
     0 | D:1      | Reached XP level 1. HP: 13/13 MP: 3/3
   237 | D:1      | Reached XP level 2. HP: 15/18 MP: 3/5
   241 | D:1      | Learned a level 2 spell: Sticks to Snakes
   913 | D:2      | Reached XP level 3. HP: 22/23 MP: 4/6
   928 | D:2      | Learned a level 3 spell: Spider Form
   968 | D:2      | Reached skill level 1 in Stealth
  1455 | D:2      | Found a bloodstained altar of Trog.
  1532 | D:2      | Found a deep blue altar of Sif Muna.
  1533 | D:2      | Found a hazy altar of Hepliaklqana.
  1536 | D:2      | Found a white marble altar of Elyvilon.
  1537 | D:2      | Found a sparkling altar of Nemelex Xobeh.
  1545 | D:2      | Found an ornate altar of the Wu Jian Council.
  1545 | D:2      | Found a hide-covered altar of Uskayaw.
  1581 | D:2      | Became a worshipper of Hepliaklqana the Forgotten
  1615 | D:2      | Reached skill level 1 in Poison Magic
  1615 | D:2      | Reached XP level 4. HP: 15/25 MP: 7/7
  1897 | D:3      | Noticed Sigmund
  2879 | D:4      | Noticed a phantom
  2895 | D:4      | Killed a phantom
  2895 | D:4      | Reached skill level 4 in Unarmed Combat
  2895 | D:4      | Reached XP level 5. HP: 27/29 MP: 6/8
  2898 | D:4      | Noticed a phantom
  2936 | D:4      | Reached XP level 6. HP: 24/34 MP: 9/9
  3061 | D:4      | Killed a phantom
  3109 | D:4      | Reached skill level 5 in Unarmed Combat
  3319 | D:4      | Reached XP level 7. HP: 35/38 MP: 10/10
  3440 | D:5      | Entered Level 5 of the Dungeon
  3476 | D:5      | Reached * piety under Hepliaklqana
  3611 | D:5      | Learned a level 4 spell: Ice Form
  3711 | D:5      | Reached skill level 1 in Shields
  3749 | D:5      | Noticed Blork the orc
  3764 | D:5      | Killed Blork the orc
  4265 | D:6      | Reached XP level 8. HP: 42/43 MP: 12/12
  4298 | D:6      | HP: 1/43 [orc priest/divine providence (16)]
  4666 | D:7      | Reached ** piety under Hepliaklqana
  4667 | D:7      | Remembered your ancestor Gibberish as a hexer
  5092 | D:6      | Reached skill level 5 in Poison Magic
  5282 | D:6      | Reached skill level 5 in Stealth
  5523 | D:6      | Found a staircase to the Ecumenical Temple.
  5529 | Temple   | Entered the Ecumenical Temple
  5948 | D:6      | Found a staircase to the Ecumenical Temple.
  6430 | D:7      | Reached skill level 5 in Transmutations
  6500 | D:7      | Noticed a hippogriff
  6539 | D:7      | Noticed a hornet
  6539 | D:7      | Reached XP level 9. HP: 25/47 MP: 15/15
  6565 | D:7      | Killed a hornet
  6873 | D:7      | Noticed Prince Ribbit
  6886 | D:7      | Killed Prince Ribbit
  6886 | D:7      | Reached skill level 1 in Ice Magic
  8102 | D:8      | Identified a scroll of acquirement
  8237 | D:8      | Reached skill level 6 in Unarmed Combat
  8665 | D:8      | Reached XP level 10. HP: 29/52 MP: 16/16
  9665 | D:9      | Noticed a gargoyle
  9856 | D:9      | Reached skill level 7 in Unarmed Combat
 10217 | D:10     | Entered Level 10 of the Dungeon
 10217 | D:10     | Noticed Nergalle
 10282 | D:10     | Reached skill level 5 in Ice Magic
 10644 | D:10     | Learned a level 1 spell: Confusing Touch
 10691 | D:10     | Reached skill level 5 in Spellcasting
 10970 | D:10     | Learned a level 1 spell: Animate Skeleton
 11059 | D:10     | Killed Nergalle
 11059 | D:10     | Reached skill level 1 in Hexes
 11062 | D:10     | Reached skill level 8 in Unarmed Combat
 11163 | D:10     | Found a glowing silver altar of Zin.
 11163 | D:10     | Noticed an angel
 11164 | D:10     | Found Zat Uffoguith's Hallowed Reliquary.
 11349 | D:10     | Bought a potion of heal wounds for 75 gold pieces
 11349 | D:10     | Bought a potion of heal wounds for 75 gold pieces
 11386 | D:10     | Reached *** piety under Hepliaklqana
 11418 | D:10     | Noticed a two-headed ogre
 11436 | D:10     | Killed a two-headed ogre
 11436 | D:10     | Reached skill level 1 in Necromancy
 11436 | D:10     | Reached XP level 11. HP: 56/56 MP: 19/19
 12003 | D:11     | Found a staircase to the Lair.
 12985 | D:11     | Noticed a manticore
 13000 | D:11     | Killed a manticore
 13000 | D:11     | Reached skill level 9 in Unarmed Combat
 13611 | D:11     | Noticed a purple ugly thing
 13647 | D:11     | Killed a purple ugly thing
 14414 | D:11     | Reached **** piety under Hepliaklqana
 14454 | D:11     | Killed an unseen horror
 14454 | D:11     | Reached skill level 1 in Invocations
 15243 | D:12     | Killed an unseen horror
 15348 | D:12     | Noticed a centaur warrior
 15584 | D:12     | Noticed a manticore
 15599 | D:12     | Mangled by a manticore

Vault maps used:
D:1:      dpeg_arrival_pond, minmay_misc_feat_hallway, serial_bayou_lagoon_a,
          hangedman_decor_points
D:2:      grunt_temple_overflow_open, trog_butcher_becter
D:3:      first_ration, nicolae_ru_path_of_blood, uniq_sigmund
D:5:      uniq_blork_the_orc
D:6:      minmay_temple_entry_fiery, lemuel_old_faithful
D:7:      uniq_prince_ribbit1
D:10:     grunt_livestock, nicolae_good_shop, uniq_nergalle
D:11:     erik_lair_orcish_takeover, serial_park_tiny_2
D:12:     minmay_orc_entry_guard_dogs, nicolae_trove_entry_diagonal
Temple:   compressed_dpeg_circular_temple

Skill      XL: |  1  2  3  4  5  6  7  8  9 10 11 |
---------------+----------------------------------+-----
Stealth        | 1 2 3 6 7 |  7.4
Poison Magic   | 1 2 3 4 6 |  6.5
Unarmed Combat | 4 5 6 8 9 |  9.5
Transmutations | 3 4 5 6 7 8 |  8.3
Shields        | 1 2 |  2.4
Dodging        | 3 4 |  4.0
Spellcasting   | 3 4 5 6 |  6.4
Ice Magic      | 4 5 6 |  6.0
Hexes          | 2 |  2.3
Necromancy     | 1 |  1.0
Fighting       | 3 |  3.3
Invocations    | 2 |  2.5
Evocations     | |  0.1

Action                   |  1- 3 |  4- 6 |  7- 9 | 10-12 || total
-------------------------+-------+-------+-------+-------++-------
Melee: Unarmed           |    88 |    81 |    76 |   245 ||   490
       Tentacles         |    15 |    19 |    36 |    19 ||    89
       Constrict         |    26 |    18 |    32 |    16 ||    92
       Kick              |    16 |    19 |    26 |    13 ||    74
       Punch             |     6 |     6 |     8 |     6 ||    26
       Hand axe          |       |     9 |   128 |    65 ||   202
 Cast: Beastly Appendage |    21 |    16 |    17 |    11 ||    65
       Sticks to Snakes  |       |     1 |     4 |     1 ||     6
       Spider Form       |       |       |    10 |     1 ||    11
       Ice Form          |       |       |     1 |    22 ||    23
       Animate Skeleton  |       |       |       |     4 ||     4
       Confusing Touch   |       |       |       |    31 ||    31
Invok: Ancestor Identity |     1 |       |       |       ||     1
       Recall Ancestor   |       |       |     2 |     1 ||     3
       Ancestor Life: He |       |       |     1 |       ||     1
Evoke: Wand              |       |     2 |       |     6 ||     8
  Use: Scroll            |       |     9 |    12 |     2 ||    23
       Potion            |       |       |     5 |     4 ||     9
 Stab: Sleeping          |     8 |     8 |    11 |     8 ||    35
       Paralysed         |       |     3 |       |       ||     3
       Confused          |       |       |     2 |    17 ||    19
       Distracted        |       |       |     1 |       ||     1
  Eat: Chunk             |     3 |     5 |    12 |    15 ||    35
       Ration            |       |       |     2 |     3 ||     5
Armor: Skin              |     8 |     5 |     8 |    45 ||    66
Dodge: Dodged            |    45 |    40 |    92 |   142 ||   319
Block: Other             |     8 |     7 |     7 |    44 ||    66
       Buckler           |       |    19 |    58 |    22 ||    99
       Reflection        |       |     1 |       |     2 ||     3

Table legend:
 A = Non-vault XP
 B = Vault XP
 C = Vault XP percentage of total XP
 D = Non-vault monster count
 E = Vault monster count
 F = Vault count percentage of total count
                 A         B        C        D         E       F
            +---------+---------+-------+---------+---------+-------
      Total |   13014 |    2824 |  17.8 |     226 |      21 |   8.5
            +---------+---------+-------+---------+---------+-------
        D:1 |      17 |       0 |   0.0 |      13 |       0 |   0.0
        D:2 |      61 |       9 |  12.9 |      21 |       4 |  16.0
        D:3 |      36 |       0 |   0.0 |      15 |       0 |   0.0
        D:4 |     506 |       0 |   0.0 |      22 |       0 |   0.0
        D:5 |     355 |      82 |  18.8 |      15 |       1 |   6.2
        D:6 |     648 |       0 |   0.0 |      13 |       0 |   0.0
        D:7 |    1664 |     274 |  14.1 |      23 |       1 |   4.2
        D:8 |    1244 |       0 |   0.0 |      24 |       0 |   0.0
        D:9 |    1507 |       0 |   0.0 |      21 |       0 |   0.0
       D:10 |    2436 |    2006 |  45.2 |      33 |       9 |  21.4
       D:11 |    2804 |     453 |  13.9 |      17 |       6 |  26.1
       D:12 |    1736 |       0 |   0.0 |       9 |       0 |   0.0
            +---------+---------+-------+---------+---------+-------
